 Dungeon Crawl Stone Soup version 0.28.0-53-g5a82cb258f (webtiles) character file.

Game seed: 4752115960861396626

13776 Diggabert the Spear-Bearer (level 12, -2/94 HPs)
             Began as a Human Gladiator on July 13, 2022.
             Was a Priest of Dithmenos.
             Slain by a two-headed ogre
             ... wielding a +0 dire flail
              (18 damage)
             ... on level 11 of the Dungeon.
             The game lasted 00:25:32 (14426 turns).

Diggabert the Spear-Bearer (Human Gladiator)       Turns: 14426, Time: 00:25:32

Health: -2/94      AC: 25    Str: 19    XL:     12   Next: 36%
Magic:  12/12      EV:  8    Int: 10    God:    Dithmenos [***...]
Gold:   774        SH:  5    Dex: 14    Spells: 11/11 levels left

rFire   . . .      SeeInvis .   I - +3 glaive (protect)
rCold   . . .      Faith    .   (shield currently unavailable)
rNeg    . . .      Spirit   .   y - +0 plate armour
rPois   +          Reflect  +   c - +0 helmet
rElec   .          Harm     .   o - scarf {repulsion}
rCorr   .          Rampage  .   (no gloves)
Will    .....                   (no boots)
Stlth   ..........              x - amulet of reflection
HPRegen 0.25/turn               m - +4 ring of protection
MPRegen 0.13/turn               G - ring of poison resistance

@: under a protective aura, wreathed by umbra, repel missiles
A: no striking features
a: Renounce Religion, Shadow Step


You were on level 11 of the Dungeon.
You worshipped Dithmenos.
Dithmenos was most pleased with you.
You visited 2 branches of the dungeon, and saw 12 of its levels.
You also visited: Sewer.

You collected 774 gold pieces.

Inventory:

Hand Weapons
 E - a +3 spear
 I - a +3 glaive of protection (weapon)
Missiles
 q - 12 javelins
 u - 5 poisoned darts (quivered)
 D - 2 throwing nets
 R - 5 atropa-tipped darts
Armour
 c - a +0 helmet (worn)
 j - a +0 kite shield
 o - a scarf of repulsion (worn)
 y - a +0 plate armour (worn)
 K - a +1 hat of see invisible
Jewellery
 m - a +4 ring of protection (left hand)
 t - a ring of willpower
 x - an amulet of reflection (around neck)
 A - a ring of fire
 G - a ring of poison resistance (right hand)
 P - the ring of Goas {rC+ SInv}
   (You found it on level 10 of the Dungeon)

   [ring of see invisible]

   rC:        It protects you from cold.
   SInv:      It lets you see invisible.
Wands
 a - a wand of iceblast (4)
 H - a wand of flame (12)
 J - a wand of polymorph (4)
 O - a wand of acid (9)
Scrolls
 b - 8 scrolls of teleportation {unknown}
 f - 3 scrolls of enchant armour {unknown}
 g - 2 scrolls of amnesia {unknown}
 l - 2 scrolls of fog
 n - 2 scrolls of noise {unknown}
 p - 3 scrolls of vulnerability {unknown}
 s - 3 scrolls of blinking
 w - a scroll of torment {unknown}
 z - 4 scrolls of magic mapping {unknown}
 C - a scroll of summoning
 L - a scroll of enchant weapon {unknown}
 M - 2 scrolls of immolation {unknown}
Potions
 d - 2 potions of brilliance
 h - 2 potions of mutation
 i - 2 potions of haste
 k - a potion of heal wounds
 r - a potion of lignification
 v - 5 potions of attraction
 B - a potion of might
 F - a potion of invisibility
 N - a potion of magic {unknown}
 Q - a potion of flight {unknown}
 T - a potion of curing


   Skills:
 * Level 8.5 Fighting
 * Level 14.1 Polearms
 - Level 2.0 Throwing
 * Level 8.0 Armour
 * Level 7.4 Dodging


You had 11 spell levels left.
You didn't know any spells.
Your spell library contained the following spells:

 Spells                   Type           Power      Damage    Failure   Level
 Beastly Appendage        Tmut           0%         N/A       100%        1
 Shock                    Conj/Air       0%         1d3       100%        1
 Passwall                 Tmut/Erth      0%         N/A       100%        2
 Poisonous Vapours        Pois/Air       0%         N/A       100%        2
 Sublimation of Blood     Necr           0%         N/A       100%        2
 Wereblood                Tmut           0%         N/A       100%        2
 Confusing Touch          Hex            0%         N/A       100%        3
 Spider Form              Tmut/Pois      0%         N/A       100%        3
 Swiftness                Air            0%         N/A       100%        3
 Airstrike                Air            0%         N/A       100%        4
 Leda's Liquefaction      Hex/Erth       0%         N/A       100%        4
 Petrify                  Tmut/Erth      0%         N/A       100%        4
 Irradiate                Conj/Tmut      0%         3d13      100%        5
 Lee's Rapid Deconstruct  Erth           0%         3d5*      100%        5
 Yara's Violent Unravell  Hex/Tmut       0%         3d3       100%        5
 Statue Form              Tmut/Erth      0%         N/A       100%        6
 Enfeeble                 Hex            0%         N/A       100%        7
 Shatter                  Erth           0%         3d5*      100%        9


Dungeon Overview and Level Annotations

Branches:
Dungeon (11/15)            Temple (1/1) D:5            Lair (0/6) D:9
    Orc (0/2) D:9           Sewer (visited)

Altars:
Ashenzari
Cheibriados
Dithmenos
Fedhas
Gozag
Hepliaklqana
Kikubaaqudgha
Makhleb
Nemelex Xobeh
Okawaru
Qazlal
Ru
Sif Muna
Trog
Wu Jian
Xom
Yredelemnul
Zin
The Shining One

Shops:
D:4 [   D:7 **(

Annotations:
D:3 2 transporters, DocClef's ghost, amateur GnFE
D:9 1 runed translucent door


Message History

The poisoned dart completely misses the boulder beetle.
You slash the boulder beetle!
Your weapon exudes an aura of protection.
The boulder beetle is moderately wounded.
The boulder beetle hits you!!!
Ouch! That really hurt!
You emit a cloud of dark smoke.
The boulder beetle stops rolling and uncurls.
You slash the boulder beetle!
The boulder beetle is heavily wounded.
The boulder beetle closely misses you.
You slash the boulder beetle!
The boulder beetle is severely wounded.
The two-headed ogre looks more healthy.
The boulder beetle bites you.
You slash the boulder beetle!
The boulder beetle is almost dead.
The boulder beetle bites you but does no damage.
You slash the boulder beetle!
You kill the boulder beetle!
Dithmenos accepts your kill. You block the two-headed ogre's attack.
The two-headed ogre barely misses you.
Your Armour skill increases to level 8!
You slash the two-headed ogre!
The two-headed ogre is moderately wounded.
The two-headed ogre hits you with a +0 dire flail!
* * * LOW HITPOINT WARNING * * *
The two-headed ogre hits you with a +0 giant spiked club.
* * * LOW HITPOINT WARNING * * *
You slice the two-headed ogre!!
The two-headed ogre is heavily wounded.
The two-headed ogre hits you with a +0 dire flail.
* * * LOW HITPOINT WARNING * * *
The two-headed ogre closely misses you.
You closely miss the two-headed ogre.
The two-headed ogre is heavily wounded.
You barely miss the two-headed ogre.
The two-headed ogre is heavily wounded.
The two-headed ogre barely misses you.
The two-headed ogre hits you with a +0 giant spiked club!!
You die...

........#
#..# #..#
........#
#..# #..#
.........(
...# #=.#
...........
#..#
..>.........
#..#
.......####((
#..# .......#
#..°####§§#
.......#
#...§O§§§§#
.......#
#...§§@§§.#
......
#...§§§§§.#
#..#####..#
#. #..# #..#
#..# #..# ..#
..#


You could see a two-headed ogre.

Vanquished Creatures
  Gastronok (D:8)
  Harold (D:8)
  An ogre mage (D:10)
  2 boulder beetles (D:11)
  A deep elf pyromancer (D:11)
  A cyclops (D:11)
  3 gargoyles
  2 trolls
  Prince Ribbit (D:5)
  A meliai zombie (D:11)
  A wraith (D:10)
  2 wyverns (D:9)
  6 yaks (D:10)
  Grum (D:10)
  2 steam dragons
  3 water moccasins
  2 acid dragons
  A sky beast (D:7)
  5 orc warriors
  2 ice beasts
  2 black bears
  An ogre (D:3)
  4 necrophages
  5 centaurs
  6 wolves
  A phantom (D:7)
  A kobold brigand (D:7)
  10 bullfrogs
  A gnoll sergeant (D:7)
  5 scorpions
  A water moccasin zombie (D:5)
  2 wyvern skeletons
  19 killer bees
  5 wights
  A howler monkey (D:6)
  An electric eel (D:6)
  4 centaur zombies
  A bullfrog zombie (D:7)
  3 orc priests
  5 hounds
  A centaur skeleton (D:7)
  3 jellies
  4 iguanas
  Terence (D:3)
  5 orc wizards
  A killer bee zombie (D:8)
  A howler monkey zombie (D:5)
  Robin (D:2)
  9 gnolls
  7 adders
  A shadow imp (D:7)
  2 white imps (D:6)
  An ufetubus (D:5)
  2 worms
  30 orcs
  7 bats
  4 endoplasms
  7 giant cockroaches
  16 goblins
  11 hobgoblins
  7 jackals
  4 kobolds
  9 quokkas
  12 ball pythons
  7 frilled lizards
  4 rats
274 creatures vanquished.

Notes
Turn   | Place    | Note
-------+----------+-------------------------------------------
     0 | D:1      | Diggabert the Human Gladiator began the quest for the Orb.
     0 | D:1      | Reached XP level 1. HP: 16/16 MP: 1/1
    31 | D:1      | Reached XP level 2. HP: 2/22 MP: 2/2
   317 | D:1      | Got the Handbook of Clay and Air
   693 | D:1      | Reached XP level 3. HP: 27/27 MP: 3/3
  1188 | D:2      | Noticed Robin
  1487 | D:3      | Found a transporter.
  1489 | D:3      | Identified the +8 dire flail "Garoivathra" {spect, rElec
                  | rC+ rN+}
  1489 | D:3      | Noticed an ogre
  1489 | D:3      | Noticed DocClef's ghost (amateur GnFE)
  1507 | D:3      | Found a transporter.
  1512 | D:3      | Noticed an ogre
  1618 | D:3      | Found a glowing golden altar of the Shining One.
  1649 | D:3      | Found a shimmering altar of Xom.
  1739 | D:3      | Noticed Terence
  1748 | D:3      | Killed Terence
  1749 | D:3      | Reached skill level 1 in Armour
  1749 | D:3      | Reached XP level 4. HP: 30/33 MP: 4/4
  1844 | D:3      | Noticed an ogre
  1854 | D:3      | Killed an ogre
  1855 | D:3      | Reached skill level 4 in Polearms
  1855 | D:3      | Reached XP level 5. HP: 36/39 MP: 5/5
  3285 | D:2      | Reached XP level 6. HP: 42/46 MP: 6/6
  3295 | D:2      | Killed Robin
  3646 | D:4      | Reached skill level 5 in Polearms
  3881 | D:4      | Reached XP level 7. HP: 21/52 MP: 7/7
  4422 | D:4      | Found Wisot's Armour Shop.
  4528 | D:4      | Found a broken altar of Ashenzari.
  4652 | D:5      | Entered Level 5 of the Dungeon
  4813 | D:5      | Noticed a water moccasin
  4831 | D:5      | Killed a water moccasin
  4832 | D:5      | Reached skill level 6 in Polearms
  4977 | D:5      | Found a staircase to the Ecumenical Temple.
  4990 | Temple   | Entered the Ecumenical Temple
  5006 | Temple   | Became a worshipper of Dithmenos the Shadowed
  5240 | D:5      | Reached XP level 8. HP: 48/59 MP: 8/8
  5439 | D:5      | Noticed Prince Ribbit
  5457 | D:5      | Killed Prince Ribbit
  5458 | D:5      | Reached skill level 7 in Polearms
  5781 | D:5      | Found a glowing silver altar of Zin.
  5781 | D:5      | Noticed an angel
  5901 | D:6      | Found a glowing drain.
  5923 | Sewer    | Entered a sewer
  6018 | Sewer    | Reached * piety under Dithmenos
  6159 | Sewer    | Reached skill level 8 in Polearms
  6159 | Sewer    | Reached XP level 9. HP: 44/66 MP: 9/9
  6590 | D:6      | Reached skill level 5 in Dodging
  6996 | D:6      | Found a burning altar of Makhleb.
  7031 | D:6      | Reached skill level 5 in Fighting
  7039 | D:6      | Reached skill level 5 in Armour
  7216 | D:6      | Found a snail-covered altar of Cheibriados.
  7439 | D:6      | Found a sparkling altar of Nemelex Xobeh.
  7702 | D:6      | Reached skill level 9 in Polearms
  7848 | D:7      | Found a stormy altar of Qazlal.
  7912 | D:7      | Found Gidim's Antique Weapon Shoppe.
  8168 | D:6      | Reached ** piety under Dithmenos
  8351 | D:7      | Reached XP level 10. HP: 75/76 MP: 10/10
  8989 | D:7      | Reached skill level 10 in Polearms
  9667 | D:7      | Found Hur Kue's General Store.
  9669 | D:7      | Found Emomups's Specific Store.
  9950 | D:8      | Noticed Harold
  9978 | D:8      | Killed Harold
  9979 | D:8      | Reached skill level 11 in Polearms
 10254 | D:8      | Noticed Gastronok
 10273 | D:8      | Killed Gastronok
 10274 | D:8      | Reached XP level 11. HP: 19/84 MP: 11/11
 10688 | D:8      | Reached skill level 12 in Polearms
 10691 | D:8      | HP: 2/84 [killer bee (7)]
 11453 | D:9      | Found a staircase to the Orcish Mines.
 11487 | D:9      | Found a staircase to the Lair.
 11520 | D:9      | Reached *** piety under Dithmenos
 11925 | D:9      | Found a blossoming altar of Fedhas.
 12074 | D:9      | Noticed a stone giant
 12074 | D:9      | Noticed a centaur warrior
 12074 | D:9      | Noticed a frost giant
 12076 | D:9      | Found a runed translucent door.
 12078 | D:9      | Noticed a stone giant
 12078 | D:9      | Noticed an ettin
 12078 | D:9      | Noticed a fire crab
 12078 | D:9      | Noticed a deep elf zephyrmancer
 12078 | D:9      | Noticed a yaktaur captain
 12286 | D:10     | Entered Level 10 of the Dungeon
 12320 | D:10     | Identified the ring of Goas {rC+ SInv}
 12447 | D:10     | Reached skill level 13 in Polearms
 12586 | D:10     | Noticed Grum
 12593 | D:10     | Killed Grum
 12899 | D:10     | Noticed an ogre mage
 12908 | D:10     | Killed an ogre mage
 12909 | D:10     | Reached XP level 12. HP: 83/92 MP: 12/12
 12948 | D:10     | Identified the +1 scale mail "Opuhee" {rElec}
 13132 | D:10     | Found an iron altar of Okawaru.
 13454 | D:11     | Noticed a boulder beetle
 13467 | D:11     | Killed a boulder beetle
 14203 | D:11     | Reached skill level 14 in Polearms
 14412 | D:11     | Noticed a two-headed ogre
 14413 | D:11     | Noticed a boulder beetle
 14422 | D:11     | Killed a boulder beetle
 14426 | D:11     | Slain by a two-headed ogre

Illustrated notes

Levels and vault maps discovered:
D:1:      tarquinn_simple_flora_water_d, layout_loops_ring,
          nicolae_figureground_pulse
D:2:      minmay_razor_zed, layout_basic, uniq_robin
D:3:      layout_basic, mainiacjoe_overflow_chevrons, xom_butterflies,
          gammafunk_ghost_smash, minmay_misc_feat_room, uniq_terence
D:4:      layout_rooms, mainiacjoe_overflow_alcove_4, serial_shops,
          nicolae_shop_crystal
D:5:      layout_loops_ring, zin_angel, minmay_temple_entry_tees,
          uniq_prince_ribbit1
D:6:      layout_rooms, mainiacjoe_overflow_brackets, nicolae_overflow_squiral,
          cheibrodos_sewer_entry_sluice
D:7:      minmay_s_stair_smasher, layout_basic,
          nicolae_qazlal_style_of_elements, serial_shops, shop,
          nicolae_specific_store
D:8:      layout_cave_pools, nrook_campfire, uniq_harold, uniq_gastronok
D:9:      minmay_gate_of_8, layout_loops_ring, old_standard_altar,
          erik_lair_island, orc_0_dummy, nicolae_sextant
D:10:     layout_basic, okawaru_trees_1, small_chamber_with_monster, uniq_grum
D:11:     layout_long_grid, minmay_nine_imps
Temple:   nicolae_temple_x_marks_the_god

Skill      XL: |  1  2  3  4  5  6  7  8  9 10 11 12 |
---------------+-------------------------------------+-----
Armour         | 1 2 3 4 5 6 7 8 |  8.0
Polearms       | 4 5 6 8 9 11 13 14 | 14.1
Dodging        | 4 5 6 7 |  7.4
Fighting       | 3 4 5 7 8 |  8.5
Throwing       | |  2.0

Action                   |  1- 3 |  4- 6 |  7- 9 | 10-12 || total
-------------------------+-------+-------+-------+-------++-------
Melee: Trident           |   100 |   136 |       |       ||   236
       Punch             |     2 |     4 |       |       ||     6
       Halberd           |       |    44 |   459 |   137 ||   640
       Glaive            |       |       |       |   381 ||   381
Throw: Throwing net      |     1 |     2 |       |     2 ||     5
       Javelin           |       |       |    10 |       ||    10
       Dart              |       |       |       |     9 ||     9
  Use: Scroll            |       |       |     8 |     4 ||    12
       Potion            |       |       |       |     4 ||     4
 Stab: Sleeping          |     1 |       |       |       ||     1
       Held in net/web   |     1 |     1 |       |     1 ||     3
       Distracted        |       |       |       |     1 ||     1
Armor: Leather armour    |    10 |       |       |       ||    10
       Chain mail        |    43 |    91 |    96 |       ||   230
       Plate armour      |       |       |   154 |   300 ||   454
       Skin              |       |       |       |     1 ||     1
Dodge: Dodged            |    53 |    64 |   150 |   229 ||   496
       Repelled          |       |       |     1 |    12 ||    13
Block: Other             |       |       |    70 |   147 ||   217
       Reflection        |       |       |       |     6 ||     6
